Map: Jagannatha LE

Players

TeebuL - Winner!

  • Race: Protoss Protoss
  • Spawn Location: 7:00

piglet

  • Race: Terran Terran
  • League: Grandmaster
  • Spawn Location: 1:00

Event: DreamHack SC2 Masters 2020 Winter

VOD

Have the link to the VOD?

Description

Time

  • Played on: Oct. 17, 2020, 11:13 p.m.
  • Length: 12:47

All games in this series

Show
View Real Time Build Order
Export as new Build Order

TeebuL Protoss - Winner!

Build Orders: 1 Gate Expand, Blink Stalkers 

Get SALT Encoding   

  12  0:00  Probe  
  13  0:12  Probe  
  14  0:18  Pylon  
  14  0:24  Probe  
  15  0:37  Probe (Chrono Boost)  
  15  0:38  Gateway  
  16  0:48  Probe (Chrono Boost)  
  16  0:49  Assimilator  
  17  0:52  Probe (Chrono Boost)  
  18  1:03  Probe  
  19  1:15  Probe  
  20  1:26  Cybernetics Core  
  20  1:35  Nexus  
  20  1:42  Pylon  
  20  1:44  Probe  
  21  1:52  Assimilator  
  20  1:56  Probe  
  20  2:00  Adept (Chrono Boost)  
  21  2:03  Warp Gate  
  21  2:08  Probe (Chrono Boost)  
  24  2:18  Probe (Chrono Boost)  
  24  2:22  Stalker  
  25  2:23  Probe (Chrono Boost)  
  28  2:34  Twilight Council  
  28  2:35  Probe (Chrono Boost)  
  29  2:47  Probe (Chrono Boost)  
  31  2:53  Probe (Chrono Boost)  
  31  2:56  Probe (Chrono Boost)  
  32  3:00  Robotics Facility, Probe (Chrono Boost)  
  32  3:01  Probe (Chrono Boost)  
  34  3:11  Probe  
  35  3:13  Probe  
  35  3:16  Blink (Chrono Boost)  
  36  3:20  Gateway  
  36  3:23  Probe  
  36  3:25  Probe  
  38  3:33  Pylon  
  36  3:36  Probe  
  36  3:37  Probe  
  38  3:47  Observer (Chrono Boost)  
  38  3:48  Probe  
  40  3:49  Probe  
  41  3:58  Stalker  
  41  4:00  Probe  
  44  4:05  Observer (Chrono Boost)  
  44  4:06  Nexus  
  44  4:09  Probe  
  46  4:10  Pylon  
  46  4:13  Probe  
  47  4:18  Assimilator, Stalker  
  47  4:21  Assimilator, Probe  
  50  4:25  Probe  
  50  4:26  Stalker  
  53  4:33  Observer, Probe  
  53  4:35  Observer  
  53  4:36  Observer  
  53  4:37  Probe  
  56  4:46  Probe  
  56  4:49  Probe  
  56  4:50  Pylon  
  58  4:58  Probe  
  59  5:01  Probe  
  59  5:03  Robotics Bay  
  59  5:04  Stalker  
  62  5:10  Probe  
  62  5:11  Pylon  
  62  5:13  Forge, Probe  
  64  5:15  Charge, Pylon  
  64  5:18  Probe  
  65  5:22  Probe  
  65  5:24  Observer, Sentry  
  65  5:25  Probe  
  65  5:28  Gateway  
  69  5:29  Gateway  
  69  5:30  Probe (Chrono Boost)  
  69  5:31  Gateway  
  69  5:34  Gateway, Probe (Chrono Boost)  
  71  5:37  Probe (Chrono Boost)  
  71  5:38  Shield Battery  
  71  5:40  Sentry  
  75  5:43  Probe (Chrono Boost)  
  75  5:46  Probe (Chrono Boost)  
  75  5:47  Probe (Chrono Boost)  
  75  5:49  Probe (Chrono Boost)  
  77  5:50  Probe (Chrono Boost)  
  77  5:52  Probe (Chrono Boost)  
  77  5:53  Protoss Ground Weapons Level 1 (Chrono Boost)  
  79  5:57  Probe  
  81  6:04  Probe  
  81  6:05  Colossus (Chrono Boost)  
  81  6:06  Gateway  
  81  6:08  Gateway, Probe  
  86  6:12  Extended Thermal Lance  
  86  6:13  Probe  
  86  6:18  Probe  
  88  6:21  Assimilator x2  
  88  6:25  Pylon  
  88  6:27  Zealot, Sentry  
  88  6:28  Zealot x2  
  96  6:33  Zealot  
  96  6:34  Zealot  
  96  6:37  Pylon  
  96  6:39  Pylon  
  100  6:49  Colossus (Chrono Boost)  
  100  6:51  Pylon  
  100  6:53  Pylon  
  106  6:59  Zealot x3  
  106  7:00  Zealot x3  
  118  7:05  Templar Archives  
  118  7:06  Pylon  
  118  7:10  Zealot  
  118  7:11  Zealot  
  118  7:15  Pylon  
  122  7:21  Zealot x4  
  122  7:22  Zealot  
  132  7:25  Robotics Facility  
  132  7:33  Disruptor (Chrono Boost), Observer  
  135  7:37  Nexus  
  135  7:41  Pylon  
  135  7:50  Protoss Ground Weapons Level 2 (Chrono Boost)  
  135  7:52  Stalker x2  
  135  7:53  Stalker x2  
  143  8:01  Forge  
  145  8:07  Gravitic Drive  
  140  8:20  High Templar  
  140  8:21  High Templar x3, Zealot x3  
  140  8:23  Probe  
  140  8:27  Archon x2  
  151  8:31  Disruptor, Probe x2  
  151  8:33  Warp Prism  
  158  8:34  Protoss Ground Armor Level 1 (Chrono Boost)  
  158  8:39  Probe  
  159  8:43  Probe  
  159  8:46  Stalker x2  
  164  8:49  Pylon  
  164  8:52  Observer  
  164  8:53  Probe  
  164  8:54  Probe  
  166  8:56  Dark Shrine  
  166  9:01  Probe  
  166  9:02  Probe  
  168  9:04  Pylon  
  168  9:06  Gateway x2  
  168  9:07  Disruptor  
  168  9:08  Observer  
  171  9:12  Pylon  
  171  9:18  High Templar x2  
  171  9:19  Zealot x6  
  187  9:27  Archon  
  187  9:28  Probe  
  186  9:34  Pylon  
  187  9:41  Disruptor (Chrono Boost)  
  187  9:43  Disruptor (Chrono Boost)  
  189  9:53  Nexus  
  189  9:55  Probe x2  
  189  9:57  Assimilator  
  189  10:00  Shield Battery  
  189  10:01  Photon Cannon  
  189  10:03  Zealot x2  
  189  10:04  Zealot x2  
  189  10:11  Disruptor  
  192  10:20  Dark Templar  
  194  10:23  Zealot x3  
  198  10:32  Dark Templar  
  186  10:48  Dark Templar x3, Zealot x4  
  200  10:52  Shadow Stride  
  172  11:08  Zealot x5  
  172  11:09  Zealot x2  
  173  11:18  Disruptor x2  
  173  11:22  Zealot x3  
  173  11:23  Nexus  
  183  11:32  Dark Templar x2, Zealot x5  
  180  11:44  Dark Templar x3  
  159  11:56  Stalker x4  
  138  12:13  Zealot  
  138  12:14  Zealot x2  
Show
View Real Time Build Order
Export as new Build Order

piglet Terran 

Build Orders: Gas First Reaper Expand 

Get SALT Encoding   

  12  0:00  SCV  
  13  0:12  SCV  
  14  0:17  Supply Depot  
  14  0:24  SCV  
  14  0:28  Refinery  
  15  0:39  SCV  
  16  0:44  Barracks  
  16  0:51  SCV  
  17  1:03  SCV  
  18  1:15  SCV  
  19  1:32  Orbital Command, Reaper  
  20  1:47  Command Center  
  20  1:54  Factory  
  20  1:58  SCV  
  21  2:06  Barracks Reactor  
  21  2:11  SCV  
  21  2:13  Bunker  
  22  2:17  Supply Depot  
  22  2:23  SCV  
  22  2:27  Refinery  
  23  2:39  Widow Mine, SCV  
  23  2:43  Marine  
  23  2:44  Marine  
  28  2:51  SCV  
  29  2:58  Starport  
  29  3:01  Marine x2  
  29  3:02  Factory Tech Lab  
  29  3:03  SCV  
  32  3:09  Orbital Command  
  32  3:15  SCV  
  33  3:21  Cyclone  
  36  3:29  SCV  
  37  3:35  Marine x2  
  37  3:36  Viking  
  37  3:38  SCV  
  43  3:41  SCV  
  43  3:44  Supply Depot  
  43  3:50  SCV  
  43  3:53  SCV  
  45  4:05  SCV  
  45  4:07  SCV, Command Center  
  47  4:16  Raven, Supply Depot  
  49  4:17  SCV  
  49  4:19  SCV  
  49  4:20  Factory Tech Lab  
  49  4:22  Marine x2  
  53  4:27  Supply Depot  
  53  4:30  SCV  
  53  4:38  Siege Tank  
  53  4:39  SCV, Marine  
  53  4:43  Marine  
  59  4:49  SCV  
  59  4:50  Barracks  
  59  4:51  SCV, Barracks  
  61  4:57  Refinery  
  61  5:03  SCV  
  61  5:06  SCV  
  63  5:08  Starport Tech Lab  
  63  5:10  Engineering Bay  
  63  5:12  Refinery  
  63  5:14  Siege Tank  
  66  5:15  SCV  
  66  5:18  SCV, Marine  
  66  5:20  Orbital Command  
  69  5:26  Stimpack  
  69  5:28  SCV  
  70  5:30  SCV  
  70  5:34  Supply Depot  
  71  5:37  Marine  
  71  5:39  Starport Reactor  
  71  5:41  Terran Infantry Weapons Level 1  
  72  5:43  Supply Depot  
  72  5:50  SCV x2  
  72  5:52  Marine x2  
  72  5:53  Marauder  
  72  5:55  Marine  
  79  5:59  Siege Tank  
  79  6:01  Supply Depot  
  82  6:04  Combat Shield  
  82  6:09  Marine  
  82  6:10  Marine  
  84  6:13  Marauder, Supply Depot  
  84  6:15  Marauder  
  88  6:19  SCV x2, Orbital Command  
  88  6:22  Supply Depot  
  88  6:24  Missile Turret, Medivac  
  92  6:28  Marine x2  
  92  6:31  SCV  
  92  6:32  SCV  
  96  6:33  Supply Depot  
  96  6:35  Siege Tank  
  99  6:43  SCV  
  99  6:44  SCV  
  100  6:48  SCV  
  100  6:53  Barracks  
  100  6:54  Supply Depot, Barracks  
  101  6:56  SCV x2, Medivac  
  101  6:58  Medivac  
  101  6:59  Marine x2  
  101  7:00  SCV  
  110  7:01  Refinery  
  110  7:07  Supply Depot  
  112  7:08  Marauder  
  112  7:10  SCV x2  
  112  7:12  SCV  
  112  7:14  Marauder  
  117  7:16  Siege Tank  
  117  7:20  Refinery  
  117  7:22  SCV  
  121  7:23  SCV  
  121  7:25  SCV  
  121  7:26  Marine x2, Supply Depot  
  125  7:35  Supply Depot, Terran Infantry Armor Level 1, Sensor Tower  
  125  7:37  Marauder  
  125  7:38  Marauder, Medivac  
  125  7:44  Marine  
  131  7:45  Barracks Tech Lab, Barracks Reactor  
  131  7:46  Concussive Shells  
  132  7:54  Marine  
  132  7:55  Supply Depot x2  
  133  7:58  Barracks  
  133  7:59  Marauder, Siege Tank, Barracks  
  133  8:04  Missile Turret  
  138  8:07  Marauder x2  
  138  8:08  Missile Turret  
  142  8:19  Marine  
  138  8:20  Marauder  
  138  8:21  Supply Depot, Ghost Academy  
  138  8:26  Marine  
  141  8:29  Marauder x2  
  141  8:32  Marine  
  146  8:36  Supply Depot  
  146  8:42  Marauder  
  146  8:44  Marine, Siege Tank  
  146  8:48  Barracks Tech Lab  
  152  8:49  Barracks Tech Lab  
  152  8:50  Marauder  
  152  8:51  Marine  
  152  8:54  Supply Depot  
  157  8:58  Medivac x2  
  157  9:02  Supply Depot, Ghost  
  161  9:03  Marine x3, Ghost  
  166  9:12  Marine, Refinery  
  166  9:13  Supply Depot, Marauder  
  166  9:15  Marine  
  166  9:16  Marauder  
  172  9:22  Marine x3  
  172  9:24  Siege Tank  
  178  9:30  Marine  
  179  9:31  Marine, Ghost  
  179  9:33  Ghost  
  179  9:34  Marine, Command Center  
  179  9:38  Marine  
  185  9:43  Marine  
  187  9:48  Marine  
  187  9:49  Ghost  
  187  9:51  Ghost  
  187  9:52  Marine  
  193  9:56  Ghost  
  193  9:57  Marine  
  195  10:00  Marine  
  195  10:05  Siege Tank  
  195  10:06  Marauder  
  197  10:40  Marine  
  197  10:41  Marauder x2  
  187  10:47  Marine  
  187  10:48  Marauder  
  187  10:49  Marine, Ghost  
  187  10:50  Marine, Marauder  
  184  10:58  Marine  
  184  11:02  Marauder x2  
  188  11:05  Marine  
  188  11:08  Orbital Command  
  188  11:09  Marauder  
  188  11:10  Marine  
  194  11:11  Marauder  
  194  11:14  Marine  
  194  11:18  Marine, Marauder  
  168  11:23  Marine, Ghost, Marauder  
  159  11:28  Marine  
  159  11:30  Ghost  
  159  11:31  Marine  
  159  11:32  Ghost  
  148  11:36  Marine  
  148  11:39  Ghost  
  149  11:41  Marine  
  149  11:44  Marine  
  149  11:46  Marine  
  151  11:49  Marine  
  151  11:51  Ghost  
  151  11:54  Marine  
  134  11:58  Marine x2  
  134  12:00  Marine  
  104  12:02  Marine  
  104  12:07  Marine  
  91  12:13  Marine  
Tags
 
Add a new tag
Caveats
  • Supply blocks, unpowered buildings, or Contaminate may cause inaccurate times.
  • Supply counts are checked every 10 seconds.